 Dungeon Crawl Stone Soup version 0.30-a0-939-gc8157cb160 (webtiles) character file.

Game seed: 7103383134108616286

349 NotreDorf the Poker (level 6, -3/51 HPs)
             Began as a Merfolk Berserker on Mar 25, 2023.
             Was a Believer of Trog.
             Slain by a mummy (11 damage)
             ... in an ossuary.
             The game lasted 00:08:03 (3398 turns).

NotreDorf the Poker (Merfolk Berserker)             Turns: 3398, Time: 00:08:04

Health: -3/51      AC:  5    Str: 20    XL:     6   Next: 60%
Magic:  6/6        EV: 14    Int:  6    God:    Trog [**....]
Gold:   313        SH:  0    Dex: 13    Spells: 5/5 levels left

rFire   . . .      SeeInvis .    a - +0 spear
rCold   . . .      Faith    .    (no shield)
rNeg    . . .      Spirit   .    b - +0 animal skin
rPois   .          Reflect  .    h - +0 helmet
rElec   .          Rampage  .    f - +0 cloak
rCorr   .                        (no gloves)
Will    .....                    c - +0 pair of boots
Stlth   +                        (no amulet)
HPRegen 0.28/turn                (no ring)
MPRegen 0.10/turn                (no ring)

@: no status effects
A: (nimble swimmer 2), mertail
a: Renounce Religion, Berserk, Trog's Hand


You were in an ossuary.
You worshipped Trog.
Trog was pleased with you.
You visited 1 branch of the dungeon, and saw 5 of its levels.
You also visited: Ossuary.

You collected 313 gold pieces.

Inventory:

Hand Weapons
 a - a +0 spear (weapon)
Missiles
 j - 7 poisoned darts (quivered)
Armour
 b - a +0 animal skin (worn)
 c - a +0 pair of boots (worn)
 f - a +0 cloak (worn)
 h - a +0 helmet (worn)
Scrolls
 d - a scroll of immolation {unknown}
 g - a scroll of magic mapping {unknown}
 k - a scroll of teleportation {unknown}
 l - 2 scrolls of identify {unknown}
 n - 2 scrolls of fog {unknown}
 p - 3 scrolls of silence {unknown}
 r - a scroll of fear {unknown}
Potions
 e - 5 potions of curing {unknown}
 i - a potion of degeneration {unknown}
 m - a potion of haste
 o - 2 potions of brilliance {unknown}
 q - a potion of lignification {unknown}
 s - a potion of invisibility {unknown}


   Skills:
 + Level 5.2 Fighting
 + Level 6.3 Polearms
 - Level 1.3 Armour
 + Level 5.5 Dodging


You had 5 spell levels left.
You didn't know any spells.
Your spell library was empty.

Dungeon Overview and Level Annotations

Branches:
Dungeon (5/15)            Ossuary (1/1)
 Temple: D:4-7

Altars:
Gozag
The Shining One


Innate Abilities, Weirdness & Mutations

((You are very nimble when in or above water. (Stealth+, EV+, Speed+++)))
Your lower body shifts to a powerful aquatic tail in water.


Message History

The kobold zombie is heavily damaged.
You closely miss the mummy.
The mummy is lightly damaged.
You puncture the kobold zombie!
You destroy the kobold zombie!
Trog accepts your kill. The mummy hits you!
You puncture the hobgoblin zombie!
The hobgoblin zombie is almost destroyed.
The mummy misses you.
You hit the hobgoblin zombie.
You destroy the hobgoblin zombie!
Trog accepts your kill. The mummy completely misses you.
You hit the mummy.
The mummy is heavily damaged.
The mummy barely misses you.
You hit the mummy.
The mummy is almost destroyed.
The mummy misses you.
You hit the mummy.
The mummy is almost destroyed.
The mummy misses you.
You hit the mummy but do no damage.
The mummy is almost destroyed.
The mummy hits you. The mummy completely misses you. The mummy hits you.
You hit the mummy but do no damage.
The mummy is almost destroyed.
You puncture the mummy!
You destroy the mummy!
Trog accepts your kill. The mummy hits you! x2
* * * LOW HITPOINT WARNING * * *
The mummy misses you.
You hit the mummy.
The mummy is lightly damaged.
You hit the mummy.
The mummy is lightly damaged.
The mummy hits you!
You die...

..............
.............
...........
........#
......# #....#
#....# #M.M.#
#M@..# #....#
#....# #....#
#....# #.∩∩.#
######


You could see 3 mummies.

Vanquished Creatures
  Sigmund (D:2)
  Jessica (D:2)
  A mummy (Ossuary)
  A gnoll (D:1)
  4 adders
  A white imp (D:5)
  2 worms (D:2)
  4 dart slugs
  2 bats
  10 endoplasms
  2 giant cockroaches
  4 goblins
  8 hobgoblins
  6 jackals
  A quokka (D:4)
  5 ball pythons
  4 frilled lizards
  5 hobgoblin zombies (Ossuary)
  9 kobolds
  2 kobold zombies (Ossuary)
  An orc zombie (Ossuary)
  5 rats
79 creatures vanquished.

Notes
Turn   | Place    | Note
-------+----------+-------------------------------------------
     0 | D:1      | NotreDorf the Merfolk Berserker began the quest for the
                  | Orb.
     0 | D:1      | Reached XP level 1. HP: 18/18 MP: 1/1
    94 | D:1      | Reached XP level 2. HP: 24/24 MP: 2/2
   341 | D:1      | Reached XP level 3. HP: 30/30 MP: 3/3
   919 | D:2      | Reached ** piety under Trog
   955 | D:2      | Identified the +0 leather armour of Beauty {Fly rCorr
                  | Slay-4}
   987 | D:2      | Noticed Jessica
   991 | D:2      | Killed Jessica
   992 | D:2      | Reached skill level 5 in Polearms
   992 | D:2      | Reached XP level 4. HP: 21/37 MP: 4/4
  1600 | D:2      | Noticed Sigmund
  1614 | D:2      | Killed Sigmund
  1615 | D:2      | Reached skill level 5 in Fighting
  1615 | D:2      | Reached skill level 6 in Polearms
  1615 | D:2      | Reached skill level 5 in Dodging
  1615 | D:2      | Reached XP level 5. HP: 11/44 MP: 5/5
  1615 | D:2      | Reached XP level 6. HP: 12/51 MP: 6/6
  1963 | D:3      | Found an opulent altar of Gozag.
  2795 | D:4      | Found a glowing golden altar of the Shining One.
  3327 | D:5      | Entered Level 5 of the Dungeon
  3327 | D:5      | Found a sand-covered staircase.
  3351 | Ossuary  | Entered an ossuary
  3398 | Ossuary  | Slain by a mummy

Illustrated notes

Levels and vault maps discovered:
D:1:      matt_arrival_debris, layout_loops_ring, amcnicky_mini_pool_small
D:2:      layout_loops_ring, minmay_fractal_squares_gapless_5, uniq_jessica,
          uniq_sigmund
D:3:      layout_basic, overflow_temple_1_default, serial_glass,
          glass_columns_a, glass_columns_a
D:4:      layout_loops_corners, tso_oasis_becter
D:5:      layout_basic, mainiacjoe_overflow_paths, mainiacjoe_overflow_chevrons,
          mainiacjoe_overflow_alcove_4, gammafunk_temple_overflow_elements,
          enter_ossuary_3, serial_bayou_ford_a, minivault_23
Ossuary:  ossuary_tomb_3

Skill      XL: |  1  2  3  4 |
---------------+-------------+-----
Dodging        | 3 4 5 |  5.5
Fighting       | 4 5 |  5.2
Polearms       | 5 6 |  6.3
Armour         | |  1.3

Action                     |  1- 3 |  4- 6 || total
---------------------------+-------+-------++-------
  Melee: Spear             |    94 |   201 ||   295
         Punch             |     1 |       ||     1
  Throw: Dart              |       |     4 ||     4
   Stab: Sleeping          |       |     4 ||     4
 Armour: Animal skin       |     8 |    22 ||    30
  Dodge: Dodged            |    39 |    76 ||   115

Table legend: (Time is in decaauts)
 A = Elapsed time spent in this place.
 B = Non-inter-level travel time spent in this place.
 C = Inter-level travel time spent in this place.
 D = Time resting spent in this place.
 E = Time spent auto-exploring this place.
 F = Levels seen in this place.
 G = Mean time per level.
                   A        B        C        D        E       F      G
               +--------+--------+--------+--------+--------+-----+--------+
         Total |   3347 |   3246 |    101 |      0 |   2669 |   6 |  557.8 |
       Dungeon |   3307 |   3206 |    101 |      0 |   2662 |   5 |  661.4 |
       Ossuary |     40 |     40 |      0 |      0 |      7 |   1 |   40.0 |
               +--------+--------+--------+--------+--------+-----+--------+

Top non-repeatable levels by time:
     D:2: 1001 daAuts
     D:4: 854 daAuts
     D:1: 836 daAuts
     D:3: 592 daAuts
 Ossuary: 40 daAuts
     D:5: 21 daAuts
